 Dungeon Crawl Stone Soup version 0.32-a0-913-g739538afd8 (webtiles) character file.

Game seed: 4424615426222843816

226 Fractals the Charlatan (level 6, -5/47 HPs)
             Began as a Gnoll Artificer on Apr 8, 2024.
             Was an Initiate of Gozag.
             Slain by a hornet (12 damage)
             ... on level 4 of the Dungeon.
             The game lasted 00:06:43 (3260 turns).

Fractals the Charlatan (Gnoll Artificer)            Turns: 3260, Time: 00:06:43

Health: -5/47      AC:  7    Str: 14    XL:     6   Next: 1%
Magic:  8/8        EV: 14    Int: 10    God:    Gozag
Gold:   248        SH:  0    Dex: 14    Spells: 8/8 levels left

rFire   . . .        m - +3 whip (freeze)
rCold   + . .        (no shield)
rNeg    . . .        g - +0 scale mail
rPois   .            (no helmet)
rElec   .            (no cloak)
rCorr   .            (no gloves)
SInv    .            (no boots)
Will    .....        (no amulet)
Stlth   ++           i - +5 ring of evasion
HPRegen 0.27/turn    y - ring of protection from cold
MPRegen 0.11/turn

%: no passive effects
@: lethally poisoned (-5 -> -19), slowed, very slow
A: fangs 1, strong nose, distributed training, thin skeletal structure 1,
mutation resistance 1
a: Renounce Religion, Potion Petition, Call Merchant, Bribe Branch


You were on level 4 of the Dungeon.
You worshipped Gozag.
Gozag was aware of your devotion.
You visited 1 branch of the dungeon, and saw 4 of its levels.

You collected 297 gold pieces.
You paid 49 gold pieces to Gozag.

Inventory:

Hand Weapons
 m - a +3 whip of freezing (weapon)
 n - a +0 war axe
Armour
 b - a +0 leather armour
 g - a +0 scale mail (worn)
Jewellery
 i - a +5 ring of evasion (left hand)
 o - a ring of magical power
 y - a ring of protection from cold (right hand)
Wands
 c - a wand of flame (6) (quivered)
 d - a wand of charming (13)
 e - a wand of iceblast (4)
Scrolls
 a - a scroll of blinking {unknown}
 f - 2 scrolls of immolation {unknown}
 h - a scroll of poison {unknown}
 j - a scroll of enchant weapon
 s - a scroll of acquirement {unknown}
 t - a scroll of butterflies {unknown}
 v - 2 scrolls of fear {unknown}
 x - a scroll of vulnerability {unknown}
Potions
 p - a potion of curing {unknown}
 r - a potion of berserk rage {unknown}


   Skills:
 + Level 3.1 Fighting
 + Level 1.8 Short Blades
 + Level 1.8 Long Blades
 + Level 1.8 Axes
 + Level 1.8 Maces & Flails
 + Level 1.8 Polearms
 + Level 1.8 Staves
 + Level 1.8 Ranged Weapons
 + Level 1.8 Throwing
 + Level 4.9 Armour
 + Level 3.1 Dodging
 + Level 3.0 Stealth
 + Level 1.8 Shields
 + Level 1.8 Unarmed Combat
 + Level 1.8 Spellcasting
 + Level 1.4 Conjurations
 + Level 1.4 Hexes
 + Level 1.4 Summonings
 + Level 1.4 Necromancy
 + Level 1.4 Translocations
 + Level 1.4 Fire Magic
 + Level 1.4 Ice Magic
 + Level 1.4 Air Magic
 + Level 1.4 Earth Magic
 + Level 1.4 Alchemy
 + Level 2.0 Invocations
 + Level 6.8 Evocations
 + Level 1.6 Shapeshifting


You had 8 spell levels left.
You didn't know any spells.
Your spell library contained the following spells:

 Spells                   Type           Power      Damage    Failure   Level
 Necrotise                Necr           12%        1d4       56%         1
 Maxwell's Portable Pile  Tloc           3%         2d(5-14)  90%         3
 Vampiric Draining        Necr           3%         2d6       90%         3
 Martyr's Knell           Necr/Summ      3%         N/A       100%        4
 Arcjolt                  Conj/Air       1%         1d11      100%        5
 Curse of Agony           Necr           3%         N/A       100%        5
 Maxwell's Capacitive Co  Air            1%         ∞         100%        8


Dungeon Overview and Level Annotations

Branches:
Dungeon (4/15)
 Temple: D:4-7

Altars:
Gozag
Nemelex Xobeh
Ru


Innate Abilities, Weirdness & Mutations

You have very sharp teeth.
Your uncanny sense of smell can sniff out nearby items.
Your experience applies equally to all skills.
You have a somewhat thin skeletal structure. (Dex +2, Stealth+)
You are somewhat resistant to further mutation.


Message History

The puff of flame hits the hornet.
The hornet is lightly wounded.
Aiming: Iceblast
Press: ? - help, Shift-Dir - straight line, f/p - hornet
Aim: a hornet (lightly wounded)
The mass of ice explodes!
The iceblast engulfs the hornet!
The hornet is heavily wounded.
You hear a shout! x2; You hear an angry hiss.
You hear a shout!
Unknown command.
Aiming: Throw Flame
Press: ? - help, Q - select action, (/) - cycle Shift-Dir - straight line, f/p - hornet
Aim: a hornet (heavily wounded, 60% to hit)
The puff of flame misses the hornet.
Unknown command.
Aiming: Throw Flame
Press: ? - help, Q - select action, (/) - cycle Shift-Dir - straight line, f/p - hornet
Aim: a hornet (heavily wounded, 60% to hit)
The puff of flame hits the hornet.
The hornet is severely wounded.
The hornet stings you!
You suddenly lose the ability to move!
The hornet stings you!
You are poisoned.
You feel yourself slow down. The hornet barely misses you.
You can move again.
You hit the hornet but do no damage.
The hornet is severely wounded.
You feel very sick. The hornet stings you!
* * * LOW HITPOINT WARNING * * *
You are lethally poisoned!
You feel as though you will be slow longer.
An orc comes into view. It is wielding a +0 club.
The hornet misses you.
You barely miss the hornet.
The hornet is severely wounded.
* * * LOW HITPOINT WARNING * * *
You feel extremely sick. The hornet completely misses you.
The hornet stings you!
You die...
Your body crumbles into a pile of gold.

###### #.<..# #..#.##
##.#..## ### ###
#.##..###########.######..
#)###.!...#..............#
#># ###..@y..####...######
#.####..##.....##.#.......
#......###.....##.######..
##....## #.....##.# ..
#### #....##
####.###.######.. ...#
#.....# #.............
#..## #.....#
##.o...(...... #...###
##....## #............
#.....#####....#
#.......###..


You could see a hornet and an orc.

Vanquished Creatures
  A hound (D:4)
  A bombardier beetle (D:3)
  An orc wizard (D:3)
  5 adders
  2 dart slugs
  A ribbon worm (D:4)
  6 orcs
  4 ball pythons
  5 bats
  8 endoplasms
  3 giant cockroaches
  2 goblins
  5 hobgoblins
  2 jackals (D:1)
  6 kobolds
  2 quokkas
  3 frilled lizards
  2 rats (D:2)
59 creatures vanquished.

Vanquished Creatures (collateral kills)
  An orc wizard (D:4)
1 creature vanquished.

Grand Total: 60 creatures vanquished

Notes
Turn   | Place    | Note
-------+----------+-------------------------------------------
     0 | D:1      | Fractals the Gnoll Artificer began the quest for the Orb.
     0 | D:1      | Reached XP level 1. HP: 17/17 MP: 1/1
   241 | D:1      | Reached XP level 2. HP: 20/23 MP: 2/2
   829 | D:2      | Reached XP level 3. HP: 28/28 MP: 3/3
   852 | D:2      | Reached skill level 1 in Invocations
  1041 | D:2      | Reached skill level 1 in Short Blades
  1041 | D:2      | Reached skill level 1 in Long Blades
  1041 | D:2      | Reached skill level 1 in Axes
  1041 | D:2      | Reached skill level 1 in Maces & Flails
  1041 | D:2      | Reached skill level 1 in Polearms
  1041 | D:2      | Reached skill level 1 in Staves
  1041 | D:2      | Reached skill level 1 in Ranged Weapons
  1041 | D:2      | Reached skill level 1 in Throwing
  1041 | D:2      | Reached skill level 1 in Shields
  1041 | D:2      | Reached skill level 1 in Unarmed Combat
  1041 | D:2      | Reached skill level 1 in Spellcasting
  1427 | D:2      | Reached skill level 1 in Shapeshifting
  1427 | D:2      | Reached XP level 4. HP: 34/34 MP: 5/5
  1596 | D:2      | Found a faded altar of an unknown god.
  1787 | D:3      | Found a sparkling altar of Nemelex Xobeh.
  1918 | D:3      | Reached skill level 1 in Conjurations
  1918 | D:3      | Reached skill level 1 in Hexes
  1918 | D:3      | Reached skill level 1 in Summonings
  1918 | D:3      | Reached skill level 1 in Necromancy
  1918 | D:3      | Reached skill level 1 in Translocations
  1918 | D:3      | Reached skill level 1 in Fire Magic
  1918 | D:3      | Reached skill level 1 in Ice Magic
  1918 | D:3      | Reached skill level 1 in Air Magic
  1918 | D:3      | Reached skill level 1 in Earth Magic
  1918 | D:3      | Reached skill level 1 in Alchemy
  1966 | D:3      | Reached XP level 5. HP: 16/40 MP: 7/7
  2366 | D:3      | Found a sacrificial altar of Ru.
  2644 | D:3      | Found an opulent altar of Gozag.
  2703 | D:3      | Became a worshipper of Gozag Ym Sagoz the Greedy
  3081 | D:4      | Noticed a hornet
  3090 | D:4      | Gained mutation: You are somewhat resistant to further
                  | mutation. [potion of mutation]
  3090 | D:4      | Gained mutation: You have a somewhat thin skeletal
                  | structure. (Dex +2, Stealth+) [potion of mutation]
  3231 | D:4      | Reached XP level 6. HP: 43/47 MP: 8/8
  3257 | D:4      | Paralysed by a hornet for 2 turns
  3260 | D:4      | Slain by a hornet

Illustrated notes

Levels and vault maps discovered:
D:1:      dpeg_arrival_rhombus, layout_basic
D:2:      layout_loops_ring, shapermc_ecumenical_altar_mp_highgroup,
          minmay_quantized
D:3:      layout_loops_corners, nicolae_gozag_cash_rules_everything_around_me,
          mainiacjoe_overflow_alcove_4, general_overflow_altar
D:4:      layout_rooms, lemuel_doored_altar

Skill      XL: |  1  2  3  4  5 |
---------------+----------------+-----
Invocations    | 1 2 |  2.0
Short Blades   | 1 |  1.8
Long Blades    | 1 |  1.8
Axes           | 1 |  1.8
Maces & Flails | 1 |  1.8
Polearms       | 1 |  1.8
Staves         | 1 |  1.8
Ranged Weapons | 1 |  1.8
Throwing       | 1 |  1.8
Shields        | 1 |  1.8
Unarmed Combat | 1 |  1.8
Spellcasting   | 1 |  1.8
Shapeshifting  | 1 |  1.6
Conjurations   | 1 |  1.4
Hexes          | 1 |  1.4
Summonings     | 1 |  1.4
Necromancy     | 1 |  1.4
Translocations | 1 |  1.4
Fire Magic     | 1 |  1.4
Ice Magic      | 1 |  1.4
Air Magic      | 1 |  1.4
Earth Magic    | 1 |  1.4
Alchemy        | 1 |  1.4
Fighting       | 3 |  3.1
Dodging        | 3 |  3.1
Stealth        | 3 |  3.0
Armour         | |  4.9
Evocations     | |  6.8

Action                     |  1- 3 |  4- 6 || total
---------------------------+-------+-------++-------
  Melee: Mace              |    94 |       ||    94
         Bite              |     7 |     5 ||    12
         Whip              |    16 |    78 ||    94
  Evoke: Wand              |     2 |    10 ||    12
    Use: Scroll            |       |     5 ||     5
         Potion            |       |     3 ||     3
   Stab: Distracted        |       |     2 ||     2
 Armour: Scale mail        |    93 |    56 ||   149
  Dodge: Dodged            |    56 |    38 ||    94

Table legend: (Time is in decaauts)
 A = Elapsed time spent in this place.
 B = Non-inter-level travel time spent in this place.
 C = Inter-level travel time spent in this place.
 D = Time resting spent in this place.
 E = Time spent auto-exploring this place.
 F = Levels seen in this place.
 G = Mean time per level.
                   A        B        C        D        E       F      G
               +--------+--------+--------+--------+--------+-----+--------+
         Total |   3297 |   3166 |    131 |    393 |   1974 |   4 |  824.2 |
       Dungeon |   3297 |   3166 |    131 |    393 |   1974 |   4 |  824.2 |
               +--------+--------+--------+--------+--------+-----+--------+

Top non-repeatable levels by time:
     D:2: 1037 daAuts
     D:3: 951 daAuts
     D:1: 770 daAuts
     D:4: 537 daAuts
